 Dungeon Crawl Stone Soup version 0.20-a0-517-g5f97612 (webtiles) character file.

1099 junb69 the Archer (level 8, 0/70 HPs)
             Began as a Centaur Hunter on Jan 24, 2017.
             Slain by a centaur
             ... wielding a +0 long sword
              (12 damage)
             ... on level 5 of the Dungeon.
             The game lasted 00:13:10 (5765 turns).

junb69 the Archer (Centaur Hunter)                  Turns: 5765, Time: 00:13:12

Health: 0/70       AC:  5    Str: 14    XL:     8   Next: 10%
Magic:  8/8        EV:  8    Int: 10    God:
Gold:   289        SH:  0    Dex: 13    Spells: 7/7 levels left

rFire    + . .     SeeInvis .   C - +1 spear (venom)
rCold    . . .     Gourm    .   j - +0 ring mail
rNeg     . . .     Faith    .   (no shield)
rPois    .         Spirit   .   (no helmet)
rElec    .         Reflect  .   (no cloak)
rCorr    .         Harm     .   (no gloves)
MR       .....                  (no barding)
Stlth    ..........             (no amulet)
Regen    0.3/turn               D - ring of wizardry
                                y - ring of protection from fire

@: very quick
A: hooves 3, deformed body, speed 2, tough skin 3
a: no special abilities


You were on level 5 of the Dungeon.
You were not hungry.

You visited 1 branch of the dungeon, and saw 5 of its levels.

You collected 289 gold pieces.

Inventory:

Hand Weapons
 a - a +1 shortbow
 C - a +1 spear of venom (weapon)
Missiles
 d - 170 arrows
 k - 2 throwing nets (quivered)
Armour
 j - a +0 ring mail (worn)
Jewellery
 y - a ring of protection from fire (left hand)
 D - a ring of wizardry (right hand)
Wands
 g - a wand of disintegration (6/24)
 o - a wand of iceblast (0/15)
 F - a wand of paralysis (15/24)
Scrolls
 e - 2 scrolls of enchant armour {unknown}
 h - a scroll of enchant weapon {unknown}
 l - 3 scrolls of recharging {unknown}
 q - 2 scrolls of teleportation {unknown}
 s - 4 scrolls of immolation {unknown}
 x - 4 scrolls of identify {unknown}
 A - a scroll of remove curse {unknown}
 B - a scroll of fog {unknown}
 H - a scroll of noise {unknown}
Potions
 b - 2 potions of haste {unknown}
 c - a potion of heal wounds {unknown}
 i - a potion of degeneration {unknown}
 m - 2 potions of lignification {unknown}
 r - a potion of agility {unknown}
 t - 2 potions of resistance {unknown}
 v - 2 potions of mutation {unknown}
 w - a potion of beneficial mutation {unknown}
 z - 2 potions of brilliance {unknown}
 E - a potion of flight {unknown}
Comestibles
 f - 2 bread rations
 n - 3 fruits
 p - 5 chunks of flesh
 u - 2 meat rations
 G - a royal jelly


   Skills:
 - Level 6.2 Fighting
 * Level 10.9 Bows
 - Level 1.3 Dodging
 - Level 0.4 Stealth


You had 7 spell levels left.
You didn't know any spells.

Dungeon Overview and Level Annotations

Branches:
Dungeon (5/15)
 Temple: D:4-7

Altars:
Gozag
Kikubaaqudgha
Sif Muna
Beogh

Annotations:
D:5 1 runed door


Innate Abilities, Weirdness & Mutations

You have hooves in place of feet.
Armour fits poorly on your strangely shaped body.
You cover ground very quickly.
You have extremely tough skin. (AC +3)


Message History

You closely miss the adder.
The adder is lightly wounded.
The centaur shoots an arrow.
The arrow hits you! The adder bites you.
Unknown command.
The centaur unwields an uncursed shortbow.
The centaur wields an uncursed long sword.
The centaur hits you with an uncursed long sword!
The adder barely misses you.
You hit the adder. Your kick misses the adder.
The adder is moderately wounded.
The centaur hits you with an uncursed long sword.
* * * LOW HITPOINT WARNING * * *
The adder bites you but does no damage. x2
You closely miss the adder. Your kick misses the adder.
The adder is moderately wounded.
The centaur hits you with an uncursed long sword!
* * * LOW HITPOINT WARNING * * *
The adder barely misses you.
The centaur hits you with an uncursed long sword!
You die...

###....... ######......(..
#....'......... ..........
#....#......... ..........
###..#.........
.......c.#######..#.........
.........#........#.........
.........#........#.........
......S..#(@......#.........
#........##Sc###..#.........
##'###'####..#......... ..
#..S....#)...#.........
...#.......)....#.........
...#######'###..#.........
.............#..#.........
.............#..#.........
.............#..#.........


You could see a centaur and an adder.

Vanquished Creatures
  The ghost of Azzok the Covert, a novice SpEn (D:5)
  An ice beast (D:5)
  A phantom (D:5)
  A scorpion (D:5)
  2 howler monkeys (D:4)
  2 orc priests
  A centaur skeleton (D:5)
  2 iguanas (D:4)
  3 orc wizards
  4 worker ants
  A hound zombie (D:3)
  A hound skeleton (D:4)
  3 gnolls (D:3)
  6 adders
  A shadow imp (D:5)
  An ooze (D:1)
  An adder zombie (D:3)
  A worm (D:3)
  2 leopard geckos (D:3)
  9 orcs
  3 giant cockroaches
  3 goblins
  3 hobgoblins
  10 jackals
  7 kobolds
  A quokka (D:2)
  A ball python skeleton (D:4)
  10 bats
  A frilled lizard (D:3)
  A leopard gecko zombie (D:5)
  2 quokka skeletons
  4 rats
90 creatures vanquished.

Notes
Turn   | Place    | Note
-------+----------+-------------------------------------------
     0 | D:1      | junb69 the Centaur Hunter began the quest for the Orb.
     0 | D:1      | Reached XP level 1. HP: 17/17 MP: 1/1
   249 | D:1      | Reached XP level 2. HP: 20/24 MP: 2/2
   301 | D:1      | Reached skill level 6 in Bows
  1032 | D:2      | Reached XP level 3. HP: 23/29 MP: 3/3
  1361 | D:2      | Reached skill level 7 in Bows
  1734 | D:3      | Found an ancient bone altar of Kikubaaqudgha.
  1832 | D:3      | Reached XP level 4. HP: 36/36 MP: 4/4
  1850 | D:3      | Found an opulent altar of Gozag.
  1852 | D:3      | Found a deep blue altar of Sif Muna.
  2079 | D:3      | Reached skill level 8 in Bows
  2598 | D:3      | Reached XP level 5. HP: 9/41 MP: 5/5
  2999 | D:3      | Found a roughly hewn altar of Beogh.
  3026 | D:3      | Reached skill level 9 in Bows
  3191 | D:4      | Reached XP level 6. HP: 46/48 MP: 6/6
  3547 | D:4      | Reached skill level 10 in Bows
  3858 | D:5      | Entered Level 5 of the Dungeon
  3884 | D:5      | Reached XP level 7. HP: 53/57 MP: 7/7
  4073 | D:5      | Found a runed door.
  4133 | D:5      | Noticed Azzok's ghost (novice SpEn)
  4797 | D:5      | Killed Azzok's ghost
  4797 | D:5      | Reached skill level 5 in Fighting
  5124 | D:5      | Reached XP level 8. HP: 69/70 MP: 8/8
  5765 | D:5      | Slain by a centaur

Vault maps used:
D:1:      saegor_arrival_simple_d, supply_closet_lemuel,
          minmay_misc_feat_nine_boxes
D:3:      minitemple, overflow_temple_1_default, serial_undead, serial_undead_c,
          serial_undead_e, serial_undead_e, serial_undead_a,
          kennysheep_orc_chapel
D:4:      cheibrodos_quashed
D:5:      first_bread, minmay_misc_feat_cross, grunt_ministairs_14,
          water_maze_lemuel, uniq_crazy_yiuf_cottage

Skill      XL: |  1  2  3  4  5  6  7 |
---------------+----------------------+-----
Bows           | 6 7 8 9 10 | 10.9
Fighting       | 3 6 |  6.2
Dodging        | |  1.3
Stealth        | |  0.4

Action                   |  1- 3 |  4- 6 |  7- 9 || total
-------------------------+-------+-------+-------++-------
Melee: Short sword       |   144 |     2 |       ||   146
       Kick              |    20 |    24 |    21 ||    65
       Spear             |       |    92 |    79 ||   171
 Fire: Shortbow          |    11 |    78 |    49 ||   138
Evoke: Wand              |       |       |     4 ||     4
  Eat: Chunk             |     2 |     5 |     1 ||     8
       Fruit             |       |       |     5 ||     5
Armor: Ring mail         |    98 |    41 |    40 ||   179
       Leather armour    |     9 |       |       ||     9
Dodge: Dodged            |    97 |    43 |    37 ||   177
